 Dungeon Crawl Stone Soup version 0.19-a0-1168-g98094fc (webtiles) character file.

4296 Duffy the Cruncher (level 10, -2/82 HPs)
             Began as a Human Gladiator on Aug 15, 2016.
             Was a Believer of Trog.
             Killed by divine providence
             ... invoked by an orc priest
              (15 damage)
             ... on level 8 of the Dungeon.
             The game lasted 00:13:51 (10787 turns).

Duffy the Cruncher (Human Gladiator)               Turns: 10787, Time: 00:13:51

Health: -2/82      AC:  4    Str: 15    XL:     10   Next: 57%
Magic:  9/9        EV: 19    Int:  9    God:    Trog [**....]
Gold:   469        SH:  0    Dex: 17    Spells: 0 memorised, 9 levels left

rFire  + . .     SeeInvis +     z - +2 quarterstaff (crush)
rCold  . . .     Gourm    .     F - +1 ring mail {rF+}
rNeg   . . .     Faith    .     (shield currently unavailable)
rPois  .         Spirit   .     (no helmet)
rElec  .         Dismiss  .     x - +0 cloak
rCorr  .         Reflect  .     (no gloves)
MR     .....     Harm     .     (no boots)
Stlth  +.........               y - amulet of magic regeneration
                                b - ring of see invisible
                                e - +5 ring of evasion

@: no status effects
A: deformed body, low mp 1, mutation resistance 1
a: Berserk, Trog's Hand, Burn Spellbooks, Renounce Religion


You were on level 8 of the Dungeon.
You worshipped Trog.
Trog was pleased with you.
You were very full.

You visited 1 branch of the dungeon, and saw 8 of its levels.

You collected 469 gold pieces.


Innate Abilities, Weirdness & Mutations

Armour fits poorly on your strangely shaped body.
Your magical capacity is low. (-10% MP)
You are somewhat resistant to further mutation.


   Skills:
 + Level 8.9 Fighting
 * Level 11.1 Staves
 - Level 2.0 Throwing
 + Level 5.7 Dodging


You had 9 spell levels left.
You didn't know any spells.

Inventory:

Hand Weapons
 a - a +1 quarterstaff
 z - a +2 quarterstaff of crushing (weapon)
Missiles
 d - a throwing net (quivered)
 j - 8 tomahawks
 t - 6 javelins
Armour
 q - a cursed +1 helmet
 x - a +0 cloak (worn)
 F - a +1 ring mail of fire resistance (worn)
Jewellery
 b - a ring of see invisible (right hand)
 e - a +5 ring of evasion (left hand)
 y - an amulet of magic regeneration (around neck)
Wands
 k - a wand of confusion (22/48)
 E - a wand of acid (9/15)
Potions
 n - 3 potions of magic
Comestibles
 c - a chunk of flesh
 f - 4 bread rations
 D - a meat ration

Dungeon Overview and Level Annotations

Branches:
Dungeon (8/15)             Temple (0/1) D:6
   Lair: D:8-11

Altars:
Ashenzari
Cheibriados
Dithmenos
Hepliaklqana
Makhleb
Nemelex Xobeh
Ru
Trog
Uskayaw

Shops:
D:4 (


Message History

The hound is severely wounded.
The hound closely misses you. The orc priest misses you.
You barely miss the hound.
The hound is severely wounded.
The hound stops to sniff the ground.
The hound closely misses you.
You sock the hound!
You kill the hound!
Trog accepts your kill. The orc priest misses you.
The orc priest hits you with a dagger of protection.
You see here a hound corpse.
You butcher the hound corpse.
You feel the effects of Trog's Hand fading.
The orc priest hits you with a dagger of protection.
Things that are here:
a chunk of flesh; a hound skeleton
c - a chunk of flesh The orc priest barely misses you.
The orc priest barely misses you. The orc priest closely misses you.
Your skin stops crawling.
You feel less resistant to hostile enchantments.
The orc priest invokes the aid of Beogh against you.
Pain shoots through your body!
Use which ability? (? or * to list)
Your skin crawls.
You feel resistant to hostile enchantments.
You feel somewhat less full.
The orc priest invokes the aid of Beogh against you.
Beogh smites you!
You feel the effects of Trog's Hand fading.
Your skin stops crawling.
You feel less resistant to hostile enchantments.
The orc priest hits you with a dagger of protection.
The orc priest hits you with a dagger of protection.
The orc priest calls down the wrath of Beogh upon you.
You struggle to resist.
Okay, then.
Drop what? 18/52 slots (_ for help) (? for menu, Esc to quit)
You drop 3 scrolls of remove curse.
Evoke which item? (* to show all) (? for menu, Esc to quit)
Zapping:
k - a wand of confusion (will waste charges)
Press: ? - help, Shift-Dir - straight line, f - orc priest
Aim: an orc priest, wielding a dagger of protection and wearing a leather armour (chance to defeat MR: 46%)
The orc priest resists with some effort.
Evoking this partially-identified wand wasted a few charges.
The orc priest mumbles some strange prayers to Beogh against you.
Beogh smites you!
You die...

.............#...................
.............#...................
[............#.........##'#######
.............#.........+.........
.............#.........#.........
..####.####+##.......(.#.........
..####'##....#.........######....
...#.......(.'..o......#...##....
...#.........#..@......#....#...(
...#.........#.........#....#....
..###..###...#.........'..)))...(
..############.........#######(..
...#.........+.........#...####'#
...#.........#.........#.....#...
...#.........#.........#.....#...
...#.........#.........#.....#...
...#.........#.........#.....#...


You could see an orc priest.

Action                   |  1- 3 |  4- 6 |  7- 9 | 10-12 || total
-------------------------+-------+-------+-------+-------++-------
Melee: Quarterstaff      |    46 |   182 |   312 |   149 ||   689
Throw: Throwing net      |       |     8 |       |       ||     8
Invok: Berserk           |       |       |     5 |     3 ||     8
       Burn Spellbooks   |       |       |     1 |       ||     1
       Trog's Hand       |       |       |       |     4 ||     4
Evoke: Wand              |       |       |       |     1 ||     1
  Use: Scroll            |     4 |     1 |     3 |    12 ||    20
       Potion            |       |     1 |       |    21 ||    22
 Stab: Held in net/web   |       |     1 |       |       ||     1
       Sleeping          |       |       |       |     1 ||     1
  Eat: Chunk             |       |    11 |     6 |    10 ||    27
       Meat ration       |       |       |     1 |     2 ||     3
       Fruit             |       |       |     2 |     6 ||     8
       Pizza             |       |       |     2 |       ||     2
       Beef jerky        |       |       |     1 |       ||     1
Armor: Leather armour    |    10 |       |       |       ||    10
       Ring mail         |       |    10 |    28 |    25 ||    63
       Scale mail        |       |    36 |    41 |       ||    77
Dodge: Dodged            |    27 |   184 |   226 |   180 ||   617

Notes
Turn   | Place    | Note
-------+----------+-------------------------------------------
     0 | D:1      | Duffy the Human Gladiator began the quest for the Orb.
     0 | D:1      | Reached XP level 1. HP: 16/16 MP: 1/1
    86 | D:2      | Reached XP level 2. HP: 18/22 MP: 2/2
   440 | D:3      | Reached skill level 4 in Staves
   440 | D:3      | Reached XP level 3. HP: 8/27 MP: 3/3
   834 | D:3      | Noticed Duffy's ghost (amateur NaFi)
  1073 | D:2      | Reached XP level 4. HP: 29/33 MP: 4/4
  1526 | D:1      | Reached skill level 5 in Staves
  1592 | D:2      | Found a shattered altar of Ashenzari.
  2091 | D:2      | Reached XP level 5. HP: 38/38 MP: 5/5
  3146 | D:4      | Reached skill level 6 in Staves
  3146 | D:4      | Reached XP level 6. HP: 17/44 MP: 6/6
  3690 | D:4      | Found Ittoxega's Antique Weapon Emporium.
  3728 | D:4      | Noticed Robin
  3735 | D:4      | Killed Robin
  3801 | D:4      | Found a sparkling altar of Nemelex Xobeh.
  3809 | D:4      | Found a bloodstained altar of Trog.
  3820 | D:4      | Became a worshipper of Trog the Wrathful
  3869 | D:4      | Reached skill level 7 in Staves
  4466 | D:4      | Reached XP level 7. HP: 50/50 MP: 7/7
  4612 | D:4      | Found a sacrificial altar of Ru.
  4649 | D:4      | Reached skill level 3 in Fighting
  5117 | D:5      | Entered Level 5 of the Dungeon
  5418 | D:5      | Reached skill level 4 in Fighting
  5418 | D:5      | Reached skill level 8 in Staves
  5418 | D:5      | Reached XP level 8. HP: 50/60 MP: 8/8
  5604 | D:5      | Noticed a hand axe
  5604 | D:5      | Noticed a hand axe
  5605 | D:5      | Found a hide-covered altar of Uskayaw.
  6140 | D:5      | Found a burning altar of Makhleb.
  6187 | D:5      | Reached skill level 5 in Fighting
  6311 | D:5      | Reached * piety under Trog
  6530 | D:6      | Found a staircase to the Ecumenical Temple.
  6540 | D:6      | Noticed Pikel
  6591 | D:5      | Killed Pikel
  6591 | D:5      | Reached skill level 6 in Fighting
  6591 | D:5      | Reached skill level 9 in Staves
  6591 | D:5      | Reached XP level 9. HP: 69/69 MP: 9/9
  7038 | D:6      | Found a snail-covered altar of Cheibriados.
  7039 | D:6      | Found a shadowy altar of Dithmenos.
  7083 | D:6      | Reached skill level 7 in Fighting
  7242 | D:6      | Reached skill level 10 in Staves
  7310 | D:6      | Found a burning altar of Makhleb.
  7621 | D:3      | Killed Duffy's ghost
  8605 | D:7      | Noticed a troll
  8615 | D:7      | Killed a troll
  8677 | D:7      | Reached ** piety under Trog
  8692 | D:7      | Reached skill level 4 in Dodging
  8692 | D:7      | Reached XP level 10. HP: 80/80 MP: 10/10
  8839 | D:7      | Reached skill level 8 in Fighting
  9409 | D:8      | Gained mutation: Armour fits poorly on your strangely shaped body. [mutagenic meat]
  9412 | D:8      | Gained mutation: Your magical capacity is low. (-10% MP) [mutagenic meat]
  9415 | D:8      | Gained mutation: You are agile. (Dex +2) [mutagenic meat]
  9418 | D:8      | Gained mutation: You tend to lose your temper in combat. [mutagenic meat]
  9421 | D:8      | Gained mutation: You are somewhat resistant to further mutation. [mutagenic meat]
  9503 | D:8      | Found a hazy altar of Hepliaklqana.
  9662 | D:8      | Reached skill level 5 in Dodging
  9696 | D:8      | Noticed Joseph
  9735 | D:8      | Killed Joseph
  9735 | D:8      | Reached skill level 11 in Staves
 10231 | D:8      | Gained mutation: You have a pair of small horns on your head. [potion of mutation]
 10233 | D:8      | Lost mutation: You tend to lose your temper in combat. [potion of cure mutation]
 10233 | D:8      | Lost mutation: You have a pair of small horns on your head. [potion of cure mutation]
 10233 | D:8      | Lost mutation: You are agile. (Dex +2) [potion of cure mutation]
 10787 | D:8      | Killed from afar by an orc priest

Skill      XL: |  1  2  3  4  5  6  7  8  9 10 |
---------------+-------------------------------+-----
Staves         | 4 5 6 7 8 9 10 11 | 11.1
Fighting       | 4 6 7 8 |  8.9
Dodging        | 4 5 |  5.7
Throwing       | |  2.0

Vault maps used:
D:1:      mrwooster_arrival_statue_2
D:2:      ashenzari_altar_1
D:4:      nemelex_xobeh_ov_fountains_minmay, lemuel_coloured_pillars_altar,
          old_standard_altar, serial_shops, nicolae_shop_statue_plus,
          first_bread, minmay_close_crescents, uniq_robin
D:5:      dancing_weapons_uskayaw, makhleb_blood_cavern_becter
D:6:      nicolae_overflow_crystal_walls, gammafunk_temple_overflow_pools,
          uniq_pikel
D:7:      grunt_ministairs_2
D:8:      marbit_many_paths, uniq_joseph

Vanquished Creatures
  Pikel Joseph
  A troll
  A two-headed ogre
  The ghost of Duffy the Chopper, an amateur NaFi of Trog
  A hippogriff
  3 orc warriors
  A sky beast
  A phantom
  4 centaurs
  3 ogres
  2 big kobolds
  6 giant frogs
  4 scorpions
  A wyvern skeleton
  2 howler monkeys
  3 crimson imps
  A giant frog zombie
  2 hounds
  3 jellies
  4 orc priests
  5 orc wizards
  A giant frog skeleton
  2 iguanas
  A worker ant
  A hound skeleton Robin
  3 gnolls
  12 adders
  A shadow imp
  An ooze
  An adder zombie
  2 adder skeletons
  A worm
  A dart slug
  5 giant geckos
  17 orcs
  3 ball pythons
  4 giant cockroaches
  10 goblins
  10 hobgoblins
  6 jackals
  6 quokkas
  3 bats
  7 giant newts
  A jackal skeleton
  16 kobolds
  7 rats
174 creatures vanquished.
